 Dungeon Crawl Stone Soup version 0.29.1-14-g9c671dbff4 (webtiles) character file.

Game seed: 9327358680199651073

70 protoss039 the Digger (level 4, -1/33 HPs)
             Began as a Demonspawn Earth Elementalist on Feb 17, 2023.
             Slain by an orc wizard
             ... wielding a +0 dagger
              (2 damage)
             ... on level 3 of the Dungeon.
             The game lasted 00:02:55 (2784 turns).

protoss039 the Digger (DsEE)                        Turns: 2784, Time: 00:02:56

Health: -1/33      AC:  2    Str:  6 (8)  XL:     4   Next: 3%
Magic:  1/8        EV: 10    Int: 15 (18) God:
Gold:   164        SH:  8    Dex: 11 (14) Spells: 5/8 levels left

rFire   . . .      SeeInvis .   d - +0 rapier
rCold   . . .      Faith    .   m - +2 kite shield
rNeg    . . .      Spirit   .   a - +0 robe
rPois   .          Reflect  .   (no helmet)
rElec   .          Harm     .   (no cloak)
rCorr   .          Rampage  .   (no gloves)
Will    .....                   (no boots)
Stlth   ++........              (no amulet)
HPRegen 0.11/turn               (no ring)
MPRegen 0.11/turn               (no ring)

@: mighty, brilliant, very slightly contaminated
A: ignite blood 1, sturdy frame 1, weakness stinger 1
a: no special abilities


You were on level 3 of the Dungeon.
You visited 1 branch of the dungeon, and saw 3 of its levels.

You collected 164 gold pieces.

Inventory:

Hand Weapons
 d - a +0 rapier (weapon)
Missiles
 i - 4 silver javelins
Armour
 a - a +0 robe (worn)
 m - a +2 kite shield (worn)
Wands
 o - a wand of paralysis (7)
Scrolls
 c - 2 scrolls of identify
 e - a scroll of summoning
 j - a scroll of poison {unknown}
 k - a scroll of enchant weapon {unknown}
 l - a scroll of fog {unknown}
Potions
 b - a potion of magic
 h - a potion of might
 n - a potion of berserk rage {unknown}


   Skills:
 + Level 1.9 Fighting
 - Level 1.7 Dodging
 - Level 1.7 Stealth
 + Level 0.2 Shields
 + Level 2.8 Spellcasting
 - Level 0.8 Transmutations
 + Level 3.3 Earth Magic


You had 5 spell levels left.
You knew the following spells:

 Your Spells              Type           Power      Damage    Failure   Level
a - Sandblast             Erth           36%        2d10      19%         1
b - Passwall              Tmut/Erth      10%        N/A       43%         2

Your spell library contained the following spells:

 Spells                   Type           Power      Damage    Failure   Level
 Stone Arrow              Conj/Erth      20%        3d8       73%         3
 Petrify                  Tmut/Erth      12%        N/A       97%         4


Dungeon Overview and Level Annotations

Branches:
Dungeon (3/15) Zot: 15164

Altars:
Cheibriados


Innate Abilities, Weirdness & Mutations

Your demonic aura sometimes causes spilled blood to erupt in flames.
Your movements are slightly less encumbered by armour. (ER -2)
You have a small tail.


Message History

Unknown command.
Casting: Sandblast (safe; 16% risk of failure)
Confirm with . or Enter, or press ? or * to list all spells.
Aiming: Sandblast (safe; 16% risk of failure)
Press: ? - help, Shift-Dir - straight line, f/p - orc
Aim: an orc, wielding a +0 dagger (82% to hit)
The blast of sand hits something.
Something hits you.
* * * LOW HITPOINT WARNING * * *
The orc hits you but does no damage. You block something's attack.
An orc comes into view. It is wielding a +2 dagger of venom.
The orc completely misses you.
Unknown command.
Unknown command.
As you read the scroll labelled AVIFUR LIOTENG, it crumbles to dust.
It is a scroll of identify.
e - a scroll of summoning Something hits you.
* * * LOW HITPOINT WARNING * * *
The orc hits you with a +0 dagger.
* * * LOW HITPOINT WARNING * * *
Unknown command.
Okay, then.
It was a potion of might.
You feel very mighty all of a sudden.
The orc shouts!
Something hits you.
* * * LOW HITPOINT WARNING * * *
You block the orc's attack.
Unknown command.
Unknown command.
It was a potion of degeneration.
There was something very wrong with that liquid.
You feel weakened.
You feel dopey.
You feel clumsy. Something hits you but does no damage.
You block the orc's attack.
Unknown command.
Unknown command.
It was a potion of brilliance.
You feel clever all of a sudden. Something hits you.
You die...

#.# #.# #.##.# #.# #.#
#.##.# #######.# #.#
#.##.# #.......#
#.###.#..# #
#.#...#o####........####
.......................'
.#..?#.########....####
## #o# #.....##### #@#
#.........# #{#
#.#.#.###.# #o# #.#...#
#.# ..# #.###.# #.# ###
#.....###.# #.........#
#####.##### #......
#######


You could see 3 orcs.

Vanquished Creatures
  2 adders (D:2)
  A dart slug (D:2)
  2 orcs (D:3)
  7 endoplasms
  A giant cockroach (D:1)
  2 goblins
  5 hobgoblins
  3 jackals (D:1)
  A kobold (D:1)
  2 quokkas
  7 ball pythons
  3 bats
  A frilled lizard (D:2)
  7 rats
44 creatures vanquished.

Notes
Turn   | Place    | Note
-------+----------+-------------------------------------------
     0 | D:1      | protoss039 the Demonspawn Earth Elementalist began the
                  | quest for the Orb.
     0 | D:1      | Reached XP level 1. HP: 13/13 MP: 3/3
   323 | D:1      | Gained mutation: You have a small tail. [demonic ancestry]
   323 | D:1      | Reached XP level 2. HP: 20/20 MP: 0/5
   436 | D:1      | Reached skill level 1 in Fighting
   528 | D:1      | Found a faded altar of an unknown god.
   553 | D:1      | Reached skill level 3 in Earth Magic
  1232 | D:1      | Learned a level 2 spell: Passwall
  1304 | D:2      | Found a snail-covered altar of Cheibriados.
  1395 | D:2      | Gained mutation: Your movements are slightly less
                  | encumbered by armour. (ER -2) [demonic ancestry]
  1395 | D:2      | Reached XP level 3. HP: 24/26 MP: 4/6
  2639 | D:3      | Gained mutation: Your demonic aura sometimes causes spilled
                  | blood to erupt in flames. [demonic ancestry]
  2639 | D:3      | Reached XP level 4. HP: 33/33 MP: 8/8
  2782 | D:3      | HP: 1/33 [something (3)]
  2784 | D:3      | Slain by an orc wizard

Illustrated notes

Levels and vault maps discovered:
D:1:      dpeg_arrival_water_temple_mockup, layout_rooms,
          chequers_ecumenical_altar_island, minmay_tetromino_s4
D:2:      layout_basic, basic_altar, kennysheep_pointless_box
D:3:      layout_loops_corners, grunt_ministairs_7

Skill      XL: |  1  2 |
---------------+-------+-----
Fighting       | 1 |  1.9
Earth Magic    | 3 |  3.3
Dodging        | |  1.7
Stealth        | |  1.7
Shields        | |  0.2
Spellcasting   | |  2.8
Transmutations | |  0.8

Action                   |  1- 3 |  4- 6 || total
-------------------------+-------+-------++-------
Melee: Club              |    26 |       ||    26
       Rapier            |    65 |     5 ||    70
       Tailslap          |     6 |       ||     6
 Cast: Sandblast         |    29 |     4 ||    33
  Use: Potion            |     1 |     3 ||     4
       Scroll            |       |     1 ||     1
 Stab: Sleeping          |     4 |       ||     4
Armor: Robe              |    37 |     3 ||    40
Dodge: Dodged            |   102 |     3 ||   105
Block: Kite shield       |    11 |     3 ||    14
